AoeStats
← Eyeskillyou

Arena

510727844Analyzed
4v4 RM · 16h ago on Oct 2, 2026· 79m 12s· 8 players
Game mode
Random Map
Map size
Large (8 player)
Population
200
Speed
Normal
Resources
Standard
Victory
Conquest
Starting age
Dark Age
Ending age
Imperial Age
RankedLock teamsTeams togetherTeam positionsShared explorationLock speedFull tech treeHidden civsTurbo modeCheats
Victory
Defeat
🇹🇼 Mongols · Taiwan
994
+15
🇫🇷 Franks · France
966
+16
🇨🇳 Teutons · China
957
+16
🇨🇳 Saxons · China
912
+18
🇫🇷 Romans · France
997
-17
🇹🇷 Italians · Türkiye
976
-17
🇨🇳 Magyars · China
952
-16
🇺🇸 Turks · United States
934
-15
Soup
6:36 Loom
11:04 Feudal Age
12:21 Horse Collar
12:27 Double-Bit Axe
12:34 Gold Mining
16:30 Castle Age
17:03 Scale Mail Armor
17:14 Forging
Léodagan
2:09 Loom
12:03 Feudal Age
13:37 Double-Bit Axe
16:10 Castle Age
14:38 Gold Mining
16:22 Man-at-Arms
17:02 Man-at-Arms
18:21 Scale Mail Armor
19:43 Long Swordsman
21:58 Wheelbarrow
27:33 Pikeman
28:40 Squires
34:29 Bow Saw
34:02 Horse Collar
40:06 Ballistas
40:28 Heavy Plow
44:58 Imperial Age
42:46 Hand Cart
43:12 Gold Shaft Mining
42:28 Stone Mining
44:22 Ballistics
44:13 Fortified Wall
43:58 Murder Holes
45:08 Chain Mail Armor
45:04 Forging
44:44 Fletching
45:00 Scale Barding Armor
46:15 Conscription
45:28 Heavy Scorpion
47:28 Chemistry
48:35 Crop Rotation
47:52 Capped Ram
48:17 Halberdier
48:19 Legionary
49:50 Iron Casting
50:32 Siege Ram
52:49 Blast Furnace
52:10 Chain Barding Armor
54:27 Cavalier
55:07 Husbandry
55:18 Bloodlines
54:28 Light Cavalry
56:10 Siege Engineers
56:16 Masonry
60:43 Bodkin Arrow
61:26 Plate Barding Armor
60:47 Bodkin Arrow
60:53 Padded Archer Armor
65:01 Elite Skirmisher
vwusxa7
8:51 Loom
11:16 Feudal Age
12:54 Town Watch
15:30 Castle Age
13:15 Horse Collar
13:21 Double-Bit Axe
14:38 Stone Mining
16:54 Bow Saw
17:41 Heavy Plow
20:27 Gold Mining
21:58 Fletching
22:44 Padded Archer Armor
24:13 Town Patrol
25:40 Wheelbarrow
25:50 Bodkin Arrow
26:52 Leather Archer Armor
27:09 Murder Holes
27:35 Ballistics
29:41 Hand Cart
29:34 Thumb Ring
31:54 Stone Shaft Mining
31:09 Treadmill Crane
31:42 Masonry
35:15 Imperial Age
33:44 Masonry
35:16 Elite Genoese Crossbowman
36:33 Bracer
37:45 Ring Archer Armor
38:13 Conscription
39:26 Two-Man Saw
43:46 Chemistry
45:11 Hoardings
开就没了 家
10:39 Feudal Age
14:55 Castle Age
13:35 Double-Bit Axe
13:44 Horse Collar
23:38 Loom
26:14 Wheelbarrow
25:54 Bow Saw
28:02 Fletching
28:13 Padded Archer Armor
28:21 Gold Mining
28:21 Stone Mining
29:15 Ballistics
29:20 Bodkin Arrow
31:39 Leather Archer Armor
34:19 Imperial Age
32:07 Hand Cart
31:39 Town Watch
32:46 Gold Shaft Mining
32:29 Corvinian Army
34:12 Scale Barding Armor
34:34 Thumb Ring
33:50 Elite Skirmisher
34:52 Heavy Plow
35:23 Husbandry
35:34 Bloodlines
36:54 Murder Holes
38:00 Chemistry
37:07 Siege Engineers
36:35 Heavy Cavalry Archer
37:41 Parthian Tactics
41:30 Conscription
41:12 Recurve Bow
42:47 Bracer
43:17 Ring Archer Armor
43:08 Chain Barding Armor
43:21 Crop Rotation
44:00 Two-Man Saw
42:31 Elite Magyar Huszar
43:47 Hoardings
43:30 Capped Ram
45:42 Light Cavalry
46:47 Masonry
46:19 Treadmill Crane
47:15 Cavalier
48:55 Hussar
48:59 Paladin
55:25 Plate Barding Armor
59:21 Scale Mail Armor
天地银行行长
10:44 Feudal Age
14:41 Castle Age
12:44 Double-Bit Axe
13:30 Horse Collar
15:55 Bow Saw
15:51 Heavy Plow
20:04 Gold Mining
28:21 Gold Shaft Mining
27:41 Stone Mining
33:17 Scale Mail Armor
33:28 Forging
35:49 Chain Mail Armor
35:23 Loom
36:34 Iron Casting
39:28 Imperial Age
36:44 Town Watch
41:46 Plate Mail Armor
41:23 Shield Wall
42:31 Conscription
42:40 Fletching
43:58 Bodkin Arrow
45:19 Bracer
47:42 Padded Archer Armor
48:14 Thumb Ring
48:33 Elite Skirmisher
59:28 Two-Man Saw
58:32 Elite Hearth Troop
60:55 Caravan
62:27 Pikeman
63:10 Squires
63:16 Halberdier
65:58 Arson
67:38 Hoardings
74:13 Leather Archer Armor
75:29 Ring Archer Armor
76:42 Wheelbarrow
77:06 Elite Varangian Guard
Eyeskillyou
5:49 Loom
11:48 Feudal Age
14:37 Wheelbarrow
17:02 Castle Age
16:37 Double-Bit Axe
16:45 Gold Mining
23:51 Husbandry
32:04 Hand Cart
32:03 Bow Saw
35:02 Imperial Age
34:34 Elite Skirmisher
35:20 Padded Archer Armor
35:11 Fletching
35:28 Scale Barding Armor
35:33 Forging
38:07 Chemistry
37:16 Siege Engineers
37:45 Conscription
37:15 Cavalier
38:15 Leather Archer Armor
37:56 Bodkin Arrow
38:22 Chain Barding Armor
40:39 Ballistics
40:01 Treadmill Crane
48:00 Plate Barding Armor
48:01 Iron Casting
48:23 Masonry
50:36 Paladin
51:22 Caravan
56:43 Hoardings
56:34 Chivalry
59:46 Blast Furnace
58:47 Scale Mail Armor
59:33 Town Watch
60:22 Architecture
61:35 Light Cavalry
66:42 Town Patrol
76:17 Ordonnance Companies
Tr3vorTW
11:01 Feudal Age
15:07 Castle Age
13:14 Horse Collar
13:28 Double-Bit Axe
16:06 Bow Saw
15:58 Heavy Plow
17:41 Light Cavalry
19:00 Scale Barding Armor
22:37 Loom
23:36 Forging
24:15 Husbandry
25:38 Bloodlines
26:08 Iron Casting
27:58 Wheelbarrow
29:22 Fletching
29:33 Padded Archer Armor
29:45 Town Watch
30:27 Hand Cart
30:06 Elite Skirmisher
30:56 Thumb Ring
31:28 Bodkin Arrow
31:49 Leather Archer Armor
31:28 Gold Mining
34:04 Gold Shaft Mining
34:40 Ballistics
37:43 Imperial Age
42:15 Chemistry
41:21 Bracer
40:59 Elite Mangudai
42:00 Conscription
43:31 Parthian Tactics
43:18 Stone Mining
42:57 Capped Ram
44:32 Fortified Wall
44:24 Murder Holes
43:53 Siege Ram
46:51 Drill
54:50 Caravan
56:47 Nomads
58:43 Stone Shaft Mining
ctgu_lishengfei
1:20 Loom
8:31 Loom
10:31 Feudal Age
11:15 Double-Bit Axe
12:08 Loom
12:09 Horse Collar
16:10 Castle Age
14:28 Scale Mail Armor
15:19 Stone Mining
16:12 Forging
18:36 Wheelbarrow
19:45 Pikeman
20:41 Scale Barding Armor
25:27 Bloodlines
26:36 Heavy Plow
27:24 Chain Mail Armor
27:01 Arson
29:48 Iron Casting
33:02 Gold Mining
33:48 Stone Shaft Mining
36:08 Imperial Age
34:31 Chain Barding Armor
37:45 Ironclad
38:09 Crenellations
38:34 Cavalier
41:13 Hand Cart
42:59 Blast Furnace
44:02 Bow Saw
45:27 Elite Skirmisher
46:15 Padded Archer Armor
46:05 Fletching
46:46 Plate Mail Armor
47:28 Crop Rotation
47:34 Leather Archer Armor
48:41 Ballistics
49:21 Chemistry
50:36 Two-Man Saw
50:24 Heated Shot
50:47 Masonry
50:23 Halberdier
51:03 Squires
51:53 Ring Archer Armor
51:19 Bodkin Arrow
52:01 Plate Barding Armor
52:59 Paladin
54:17 Town Watch
54:31 Man-at-Arms
56:25 Conscription
58:25 Long Swordsman
59:32 Caravan
59:53 Town Patrol
66:41 Elite Teutonic Knight
67:37 Siege Engineers
67:45 Fortified Wall
69:10 Hoardings
68:31 Capped Ram
72:04 Sappers
75:25 Heavy Scorpion
77:27 Two-Handed Swordsman
77:52 Gambesons
Connection lost

Rejoining the realm…

Still unreachable

The connection could not be restored.

Session expired

The server has moved on; the page needs a fresh start.